 Dungeon Crawl Stone Soup version 0.28.0-43-g3370ac3207 (webtiles) character file.

Game seed: 225835890592735958

485 KamiKatze the Conjurer (level 6, -5/31 (32) HPs)
             Began as a Deep Elf Conjurer on Mar 23, 2022.
             Slain by a lemure (8 damage)
             ... led by Pikel
             ... on level 3 of the Dungeon.
             The game lasted 00:18:06 (3795 turns).

KamiKatze the Conjurer (Deep Elf Conjurer)          Turns: 3795, Time: 00:18:07

HP:   -5/31 (32)    AC:  3    Str:  4    XL:     6   Next: 88%
MP:   9/17          EV: 12    Int: 25    God:
Gold: 72            SH:  0    Dex: 13    Spells: 6/17 levels left

rFire   . . .      SeeInvis .   b - +2 whip (venom)
rCold   . . .      Faith    .   (no shield)
rNeg    . . .      Spirit   .   a - +0 robe
rPois   .          Reflect  .   (no helmet)
rElec   .          Harm     .   p - +0 cloak
rCorr   .          Rampage  .   (no gloves)
Will    .....                   (no boots)
Stlth   ++........              (no amulet)
HPRegen 0.10/turn               (no ring)
MPRegen 0.15/turn               (no ring)

@: brilliant, lightly drained
A: no striking features
a: no special abilities


You were on level 3 of the Dungeon.
You visited 1 branch of the dungeon, and saw 4 of its levels.
You also visited: Sewer.

You collected 72 gold pieces.

Inventory:

Hand Weapons
 b - a +2 whip of venom (weapon)
Missiles
 k - 114 stones
 q - 3 poisoned darts
Armour
 a - a +0 robe (worn)
 p - a +0 cloak (worn)
Wands
 f - a wand of paralysis (14)
Scrolls
 h - a scroll of enchant armour {unknown}
 i - 2 scrolls of magic mapping
 j - 2 scrolls of identify {unknown}
 m - 2 scrolls of amnesia {unknown}
 n - a scroll of acquirement {unknown}
 o - 2 scrolls of vulnerability {unknown}
 s - 2 scrolls of brand weapon {unknown}
Potions
 c - a potion of flight {unknown}
 d - a potion of curing {unknown}
 e - 2 potions of brilliance
 g - 2 potions of haste {unknown}
 l - a potion of might {unknown}
 r - a potion of attraction {unknown}
 t - a potion of magic {unknown}
 u - a potion of degeneration {unknown}


   Skills:
 - Level 3.0 Dodging
 - Level 3.0 Stealth
 * Level 6.3 Spellcasting
 * Level 6.3 Conjurations
 * Level 2.9 Hexes
 * Level 2.5 Translocations


You had 6 spell levels left.
You knew the following spells:

 Your Spells              Type           Power      Damage    Failure   Level
a - Magic Dart            Conj           100%       1d8       1%          1
b - Searing Ray           Conj           100%       2d8       1%          2
c - Fulminant Prism       Conj/Hex       23%        3d13      11%         4
d - Iskenderun's Mystic   Conj/Tloc      45%        2d10      12%         4

Your spell library contained the following spells:

 Spells                   Type           Power      Damage    Failure   Level
 Shock                    Conj/Air       100%       1d9       1%          1
 Dazzling Flash           Conj/Hex       92%        N/A       3%          3
 Swiftness                Air            11%        N/A       22%         3
 Airstrike                Air            5%         N/A       58%         4


Dungeon Overview and Level Annotations

Branches:
Dungeon (4/15)              Sewer (visited)
 Temple: D:4-7

Altars:
Ashenzari
Cheibriados
Elyvilon
Kikubaaqudgha

Shops:
D:1 =   D:3 :

Annotations:
D:3 Pikel


Message History

The necrophage is heavily damaged.
The necrophage is knocked back by the mystic blast.
The necrophage slams into the rock wall!
The necrophage is heavily damaged.
The mystic blast hits the lemure.
The lemure is moderately wounded.
The lemure is knocked back by the mystic blast.
The mystic blast hits Pikel but does no damage.
The mystic blast hits the lemure!
The lemure is heavily wounded.
The lemure is knocked back by the mystic blast.
Pikel misses you.
You hit Pikel but do no damage.
Pikel is poisoned.
The necrophage hits you.
Pikel hits you with a +2 whip of flaming!
* * * LOW HITPOINT WARNING * * *
Pikel burns you.
* * * LOW HITPOINT WARNING * * *
Unknown command.
Okay, then.
Casting: Iskenderun's Mystic Blast (extremely dangerous; 12% risk of failure)
Confirm with . or Enter, or press ? or * to list all spells.
The spell is extremely dangerous to miscast (12% risk of failure)!
Continue anyway?
You erupt in a blast of force!
The mystic blast hits the lemure.
The lemure is moderately wounded.
The lemure is knocked back by the mystic blast.
The mystic blast hits the necrophage.
The necrophage is severely damaged.
The necrophage is knocked back by the mystic blast.
The necrophage slams into the rock wall!
The necrophage is severely damaged.
The mystic blast hits Pikel.
Pikel is lightly wounded.
Pikel is knocked back by the mystic blast.
The mystic blast hits the lemure.
The lemure is severely wounded.
The lemure is knocked back by the mystic blast.
It was a potion of brilliance.
You feel clever all of a sudden. The necrophage barely misses you.
The lemure hits you!
You die...

#........# #...
#........# #...
#........#######...
#..................
#........###.......
#......<.###.###...
#........##..# #...
#n5K......#.## #...
#.@.5.......# #...
##########..# ####
#..##### ##.....# #
##.###.### ##..#
#.#.. ##..####....
#..##...⌠.⌠.
##.....##.∩..


You could see Pikel (very poisoned), 2 lemures and a necrophage.

Vanquished Creatures
  A black bear (D:4)
  A howler monkey (D:4)
  An orc priest (D:3)
  An iguana (D:4)
  Jessica (D:3)
  An orc wizard (D:3)
  A gnoll (D:1)
  11 adders
  4 river rats
  A shadow imp (D:3)
  A worm (D:3)
  4 dart slugs (D:1)
  7 orcs (D:3)
  3 bats
  6 endoplasms
  A giant cockroach (D:3)
  7 goblins
  6 hobgoblins
  6 jackals
  11 ball pythons
  5 frilled lizards
  9 kobolds
  10 rats
99 creatures vanquished.

Vanquished Creatures (others)
  2 fulminant prisms (D:4)
  6 plants (Sewer)
8 creatures vanquished.

Grand Total: 107 creatures vanquished

Notes
Turn   | Place    | Note
-------+----------+-------------------------------------------
     0 | D:1      | KamiKatze the Deep Elf Conjurer began the quest for the
                  | Orb.
     0 | D:1      | Reached XP level 1. HP: 10/10 MP: 6/6
   234 | D:2      | Reached XP level 2. HP: 15/15 MP: 4/8
   237 | D:2      | Learned a level 2 spell: Searing Ray
   333 | D:2      | Reached XP level 3. HP: 19/19 MP: 0/10
   522 | D:1      | Found a faded altar of an unknown god.
   862 | D:1      | Reached skill level 5 in Conjurations
   933 | D:1      | Found Vabim's Jewellery Emporium.
  1179 | D:1      | Reached XP level 4. HP: 24/24 MP: 8/12
  1487 | D:2      | Learned a level 4 spell: Fulminant Prism
  1492 | D:2      | Learned a level 4 spell: Iskenderun's Mystic Blast
  1937 | D:3      | Found Wes Tuoh's Book Shoppe.
  1971 | D:3      | Found a glowing drain.
  1994 | Sewer    | Entered a sewer
  2034 | Sewer    | Reached skill level 5 in Spellcasting
  2060 | Sewer    | Reached XP level 5. HP: 20/28 MP: 7/14
  2229 | Sewer    | Reached skill level 1 in Hexes
  2237 | Sewer    | Reached skill level 1 in Translocations
  2844 | D:3      | Found a snail-covered altar of Cheibriados.
  2891 | D:3      | Found a broken altar of Ashenzari.
  2937 | D:3      | Noticed Jessica
  2942 | D:3      | Killed Jessica
  3022 | D:3      | Found a white marble altar of Elyvilon.
  3034 | D:3      | Reached XP level 6. HP: 25/32 MP: 10/16
  3143 | D:3      | Found an ancient bone altar of Kikubaaqudgha.
  3683 | D:4      | Noticed a steam dragon
  3785 | D:4      | Noticed Pikel
  3795 | D:3      | Slain by a lemure

Illustrated notes

Levels and vault maps discovered:
D:1:      dpeg_chamrin_arrival_tetris, layout_loops_ring,
          hellmonk_ecumenical_altar_leap_of_faith, serial_shops, shop_statue
D:2:      layout_rooms
D:3:      layout_rooms, chei_slow_surprise, cheibrodos_ashenzari_chains,
          mainiacjoe_overflow_24_doors, mainiacjoe_overflow_alcove_2,
          portal_sewer_entry_b, serial_shops, shop_fountains, uniq_jessica
D:4:      layout_cave_pools, worldfamousw_hep_ancestral_shrine,
          minmay_misc_feat_nine_boxes, uniq_pikel, uniq_eustachio

Skill      XL: |  1  2  3  4  5  6 |
---------------+-------------------+-----
Spellcasting   | 4 5 6 |  6.3
Stealth        | 3 |  3.0
Dodging        | 3 |  3.0
Conjurations   | 5 6 |  6.3
Hexes          | 1 2 |  2.9
Translocations | 1 2 |  2.5

Action                   |  1- 3 |  4- 6 || total
-------------------------+-------+-------++-------
Melee: Whip              |     4 |     7 ||    11
       Punch             |     1 |       ||     1
 Cast: Magic Dart        |    44 |    95 ||   139
       Searing Ray       |     7 |    16 ||    23
       Iskenderun's Myst |       |     2 ||     2
       Fulminant Prism   |       |     2 ||     2
  Use: Scroll            |       |     3 ||     3
       Potion            |       |     1 ||     1
 Stab: Sleeping          |       |     1 ||     1
Armor: Robe              |     1 |     3 ||     4
Dodge: Dodged            |     7 |    24 ||    31
